 Dungeon Crawl Stone Soup version 0.24-a0-769-g368c1644f8 (webtiles) character file.

Game seed: 3241272388987297390, levelgen mode: deterministic

332 Gynju the Magician (level 6, -5/32 HPs)
             Began as a Deep Elf Fire Elementalist on Oct 4, 2019.
             Slain by an ogre
             ... wielding a +0 giant club
              (12 damage)
             ... on level 4 of the Dungeon.
             The game lasted 00:06:24 (4592 turns).

Gynju the Magician (Deep Elf Fire Elementalist)     Turns: 4592, Time: 00:06:25

Health: -5/32      AC:  7    Str:  7    XL:     6   Next: 26%
Magic:  15/24      EV: 14    Int: 20    God:
Gold:   139        SH:  0    Dex: 15    Spells: 5/15 levels left

rFire    . . .     SeeInvis .   s - +0 falchion
rCold    + . .     Gourm    .   (no shield)
rNeg     . . .     Faith    .   a - +0 robe
rPois    +         Spirit   .   p - +2 helmet of the Harvest {+Blink rPois rC+ MP+9}
rElec    .         Reflect  .   (no cloak)
rCorr    .         Harm     .   (no gloves)
MR       .....                  q - +1 pair of boots
Stlth    ++........             (no amulet)
HPRegen  0.10/turn              (no ring)
MPRegen  0.19/turn              (no ring)

@: no status effects
A: no striking features
a: Evoke Blink


You were on level 4 of the Dungeon.
You were not hungry.

You visited 1 branch of the dungeon, and saw 5 of its levels.

You collected 139 gold pieces.

Inventory:

Hand Weapons
 s - a +0 falchion (weapon)
Armour
 a - a +0 robe (worn)
 p - the +2 helmet of the Harvest (worn) {+Blink rPois rC+ MP+9}
   (You found it on level 4 of the Dungeon)

   It protects you from cold.
   It protects you from poison.
   It affects your magic capacity (+9).
   It lets you blink.
 q - a +1 pair of boots (worn)
Scrolls
 b - a scroll of enchant armour
 d - a scroll of immolation
 g - a scroll of fog
 h - a scroll of teleportation
 i - a scroll of fear
 l - a scroll of remove curse {@r2}
Potions
 f - a potion of agility
 j - 4 potions of curing {@q1}
 k - a potion of flight
 n - 2 potions of magic
 r - a potion of berserk rage
Comestibles
 c - 6 rations
 t - 2 chunks of flesh


   Skills:
 + Level 4.4 Dodging
 - Level 2.4 Stealth
 + Level 5.2 Spellcasting
 + Level 3.5 Conjurations
 + Level 4.8 Fire Magic


You had 5 spell levels left.
You knew the following spells:

 Your Spells              Type           Power        Failure   Level  Hunger
a - Flame Tongue          Conj/Fire      ###..        1%          1    None
b - Throw Flame           Conj/Fire      ###...       3%          2    None
c - Conjure Flame         Conj/Fire      ###.....     6%          3    ##.....
d - Sticky Flame          Conj/Fire      ###.....     21%         4    ####...

Your spell library contained the following spells:

 Spells                   Type           Power        Failure   Level  Hunger
 Inner Flame              Hex/Fire       ##......     13%         3    ##.....
 Fireball                 Conj/Fire      ###.......   50%         5    #####..


Dungeon Overview and Level Annotations

Branches:
Dungeon (5/15)             Temple (0/1) D:5

Altars:
Ashenzari
Cheibriados
Hepliaklqana
Makhleb
Zin

Shops:
D:4 !*

Annotations:
D:3 1 runed translucent door, Mame's ghost, amateur GrEE
D:4 2 runed translucent doors, Flugkiller's ghost, amateur GrSk


Message History

Casting: Flame Tongue (safe; 1% risk of failure)
Confirm with . or Enter, or press ? or * to list all spells.
Aiming: Flame Tongue (safe; 1% risk of failure)
Press: ? - help, Shift-Dir - straight line, f/p - ogre
Aim: an ogre, wielding a +0 giant club (severely wounded)
The flame tongue misses the ogre.
The ogre completely misses you.
Casting: Flame Tongue (safe; 1% risk of failure)
Confirm with . or Enter, or press ? or * to list all spells.
Aiming: Flame Tongue (safe; 1% risk of failure)
Press: ? - help, Shift-Dir - straight line, f/p - ogre
Aim: an ogre, wielding a +0 giant club (severely wounded)
The flame tongue hits the ogre.
The ogre is almost dead.
Casting: Flame Tongue (safe; 1% risk of failure)
Confirm with . or Enter, or press ? or * to list all spells.
Aiming: Flame Tongue (safe; 1% risk of failure)
Press: ? - help, Shift-Dir - straight line, f/p - ogre
Aim: an ogre, wielding a +0 giant club (almost dead)
The flame tongue misses the ogre.
The ogre hits you with a +0 giant club!
You die...

########### ..........#
####.####.# #.##.####.#
.......##.#
#.##.#.##.##################
................@O.<.......##
#.############.##...#.##.#..#
#.# ########.######.#####.#
#.## #........# #.# #.# #..#
#.#####..# ###.# #.# ####
#### #..## #...## #.#
.##.##.### #...###....####.#
####.≈.#.# #.#......_......#
.#.≈≈..#.####.######....#####


You could see an ogre.

Vanquished Creatures
  A gnoll sergeant (D:4)
  A scorpion (D:4)
  A centaur skeleton (D:4)
  6 gnolls
  5 adders
  An ooze (D:1)
  2 worms (D:2)
  2 dart slugs (D:1)
  4 leopard geckos
  11 orcs
  2 giant cockroaches
  4 goblins
  8 hobgoblins
  3 kobolds
  A quokka (D:4)
  2 ball pythons
  8 bats
  4 frilled lizards
  A leopard gecko skeleton (D:4)
  9 rats
76 creatures vanquished.

Notes
Turn   | Place    | Note
-------+----------+-------------------------------------------
     0 | D:1      | Gynju the Deep Elf Fire Elementalist began the quest for
                  | the Orb.
     0 | D:1      | Reached XP level 1. HP: 10/10 MP: 6/6
    47 | D:1      | Reached XP level 2. HP: 8/15 MP: 1/8
   469 | D:1      | Reached XP level 3. HP: 19/19 MP: 8/10
  1623 | D:2      | Reached XP level 4. HP: 24/24 MP: 8/11
  1726 | D:2      | Reached skill level 4 in Spellcasting
  1964 | D:3      | Found a shattered altar of Ashenzari.
  2044 | D:3      | Found a faded altar of an unknown god.
  2364 | D:3      | Found a runed translucent door.
  2366 | D:3      | Noticed Mame's ghost (amateur GrEE)
  2504 | D:3      | You fall into a shaft and drop 1 floor!
  2632 | D:4      | Reached XP level 5. HP: 17/28 MP: 7/13
  2636 | D:4      | Learned a level 2 spell: Throw Flame
  2640 | D:4      | Learned a level 3 spell: Conjure Flame
  2645 | D:4      | Learned a level 4 spell: Sticky Flame
  2772 | D:4      | Found Meniar's Distillery.
  2892 | D:4      | Found a large runed translucent door.
  2893 | D:4      | Found a large runed translucent door.
  2894 | D:4      | Noticed Flugkiller's ghost (amateur GrSk)
  2905 | D:4      | Found a hazy altar of Hepliaklqana.
  2908 | D:4      | Got a pitted helmet
  2911 | D:4      | Found Ycesm's Assorted Antiques.
  3450 | D:3      | Found a burning altar of Makhleb.
  3472 | D:3      | Found a glowing silver altar of Zin.
  3499 | D:3      | Found a snail-covered altar of Cheibriados.
  3815 | D:3      | Identified the +2 helmet of the Harvest {+Blink rPois rC+
                  | MP+9} (You found it on level 4 of the Dungeon)
  4385 | D:4      | Reached skill level 5 in Spellcasting
  4385 | D:4      | Reached XP level 6. HP: 32/32 MP: 12/15
  4518 | D:5      | Entered Level 5 of the Dungeon
  4592 | D:4      | Slain by an ogre

Levels and vault maps discovered:
D:1:      matt_arrival_grand_opening, layout_basic, minmay_misc_feat_cross
D:2:      layout_basic
D:3:      layout_loops_corners, nicolae_overflow_quartered_altars,
          ebering_ghost_reflecting_pool, chequers_ecumenical_altar_twisty
D:4:      layout_loops_cross, nicolae_overflow_crystal_walls, serial_shops,
          shop, nicolae_shop_window_shopping, ebering_ghost_disaster_area,
          lightli_minifort
D:5:      layout_loops_ring, kennysheep_mini_moat, vehumet_crystals,
          lemuel_doored_altar, lemuel_crystal_altar, temple_doors_ab,
          first_ration, gammafunk_ghost_stat_death, kennysheep_generic_room_8

Skill      XL: |  1  2  3  4  5 |
---------------+----------------+-----
Dodging        | 3 4 |  4.4
Conjurations   | 2 3 |  3.5
Spellcasting   | 4 5 |  5.2
Fire Magic     | 4 |  4.8
Stealth        | |  2.4

Action                   |  1- 3 |  4- 6 || total
-------------------------+-------+-------++-------
Melee: Unarmed           |     8 |       ||     8
 Cast: Flame Tongue      |    75 |   101 ||   176
       Conjure Flame     |       |     3 ||     3
  Use: Scroll            |       |    13 ||    13
  Eat: Chunk             |     2 |     9 ||    11
Armor: Robe              |    17 |     6 ||    23
Dodge: Dodged            |    43 |    22 ||    65
       Rpst.: Falchion   |       |     2 ||     2

Table legend:
 A = Non-vault XP
 B = Vault XP
 C = Vault XP percentage of total XP
 D = Non-vault monster count
 E = Vault monster count
 F = Vault count percentage of total count
                 A         B        C        D         E       F
            +---------+---------+-------+---------+---------+-------
      Total |     318 |     157 |  33.1 |      70 |       6 |   7.9
            +---------+---------+-------+---------+---------+-------
        D:1 |      58 |       0 |   0.0 |      24 |       0 |   0.0
        D:2 |      50 |       0 |   0.0 |      19 |       0 |   0.0
        D:3 |      39 |      15 |  27.8 |      11 |       1 |   8.3
        D:4 |     171 |     142 |  45.4 |      16 |       5 |  23.8
            +---------+---------+-------+---------+---------+-------
